PCL
MILE HIGH BRONCOS @ SANTA MONICA BRUINS
07/20/2024
 
TOP OF THE 1ST
Mile High Broncos batting - Pitching for Santa Monica Bruins : LHP Yasuyuki Ishii
Pitching: LHP Yasuyuki Ishii
Batting: RHB Terry Fuller 0-0: Called Strike
0-1: Foul Ball, location: 2F
0-2: Foul Ball, location: 2F
0-2: Foul Ball, location: 2F
0-2: Strikes out swinging
Batting: RHB Juan Jose Guevana 0-0: Ball
1-0: Swinging Strike
1-1: TRIPLE (Line Drive, 78XD)
Batting: RHB José Herrera 0-0: Ball
1-0: Ball
2-0: Called Strike
2-1: Ball
3-1: Swinging Strike
3-2: Fly out, F5 (Popup, 25F)
Batting: SHB Tom Stevens 0-0: Fly out, F8 (Flyball, 8RXD)
Top of the 1st over - 0 run(s), 1 hit(s), 0 error(s), 1 left on base; Mile High 0 - Santa Monica 0
BOTTOM OF THE 1ST
Santa Monica Bruins batting - Pitching for Mile High Broncos : RHP Bob Smith
Pitching: RHP Bob Smith
Batting: RHB Alonso Sánchez 0-0: Ball
1-0: Ball
2-0: Foul Ball, location: 2F
2-1: Foul Ball, location: 2F
2-2: Ball
3-2: Foul Ball, location: 2F
3-2: Base on Balls
Batting: RHB Don Keating 0-0: Ball
1-0: Ball
2-0: Grounds into double play, 6-4-3 (Groundball, 56)
Batting: LHB António Glaviz 0-0: Ball
1-0: DOUBLE (Flyball, 8LD)
Batting: LHB Ken Poche 0-0: 2-RUN HOME RUN (Flyball, 78XD), Distance : 410 ft
Batting: RHB Salvador Salas 0-0: Ball
1-0: Foul Ball, location: 2F
1-1: Ball
2-1: SOLO HOME RUN (Flyball, 7D), Distance : 343 ft
Batting: RHB Javier Deleón 0-0: Ball
1-0: Ball
2-0: Foul Ball, location: 2F
2-1: Ball
3-1: Base on Balls
Batting: RHB Roberto Bojórquez 0-0: Ball
1-0: Ball
2-0: Ball
3-0: Called Strike
3-1: Foul Ball, location: 2F
3-2: Strikes out looking
Bottom of the 1st over - 3 run(s), 3 hit(s), 0 error(s), 1 left on base; Mile High 0 - Santa Monica 3
TOP OF THE 2ND
Mile High Broncos batting - Pitching for Santa Monica Bruins : LHP Yasuyuki Ishii
Batting: RHB Su-kweon Yu 0-0: Ball
1-0: Ball
2-0: Fly out, F8 (Flyball, 8RD)
Batting: RHB Michael MacDonald 0-0: Called Strike
0-1: Bunted foul
0-2: Ground out 6-3 (Groundball, 56)
Batting: RHB Marcos Reyes 0-0: Ball
1-0: Ball
2-0: Foul Ball, location: 2F
2-1: Fly out, F9 (Flyball, 89XD)
Top of the 2nd over - 0 run(s), 0 hit(s), 0 error(s), 0 left on base; Mile High 0 - Santa Monica 3
BOTTOM OF THE 2ND
Santa Monica Bruins batting - Pitching for Mile High Broncos : RHP Bob Smith
Batting: RHB Justin Burgess 0-0: SINGLE (Line Drive, 8RS)
Batting: LHB Greg Schultz 0-0: Ball
1-0: Ball
2-0: Foul Ball, location: 2F
2-1: Ball
3-1: Base on Balls
Justin Burgess to second
Batting: RHB Alonso Sánchez 0-0: Ball
1-0: Grounds into double play, 4-6-3 (Groundball, 4)
Justin Burgess to third
Batting: RHB Don Keating 0-0: Ball
1-0: Ball
2-0: Ball
3-0: Swinging Strike
3-1: Called Strike
3-2: Strikes out swinging
Bottom of the 2nd over - 0 run(s), 1 hit(s), 0 error(s), 1 left on base; Mile High 0 - Santa Monica 3
TOP OF THE 3RD
Mile High Broncos batting - Pitching for Santa Monica Bruins : LHP Yasuyuki Ishii
Batting: LHB Bill Houston 0-0: Swinging Strike
0-1: Ball
1-1: Ball
2-1: Ball
3-1: Called Strike
3-2: Ground out U3 (Groundball, 3S)
Batting: RHB Francisco Medina 0-0: Fly out, F9 (Line Drive, 9M)
Batting: RHB Terry Fuller 0-0: Ball
1-0: Foul Ball, location: 2F
1-1: Foul Ball, location: 2F
1-2: Ground out 6-3 (Groundball, 6)
Top of the 3rd over - 0 run(s), 0 hit(s), 0 error(s), 0 left on base; Mile High 0 - Santa Monica 3
BOTTOM OF THE 3RD
Santa Monica Bruins batting - Pitching for Mile High Broncos : RHP Bob Smith
Batting: LHB António Glaviz 0-0: Ball
1-0: Foul Ball, location: 2F
1-1: Ball
2-1: Foul Ball, location: 2F
2-2: Ball
3-2: DOUBLE (Line Drive, 78XD)
Batting: LHB Ken Poche 0-0: Ball
1-0: Called Strike
1-1: Ball
2-1: Called Strike
2-2: Strikes out swinging
Batting: RHB Salvador Salas 0-0: Ball
1-0: Foul Ball, location: 2F
1-1: Swinging Strike
1-2: Ball
2-2: Foul Ball, location: 2F
2-2: SINGLE (Line Drive, 4D)
António Glaviz to third
Runner from 3rd tries for Home, SAFE, no throw or cutoff
Batting: RHB Javier Deleón 0-0: Swinging Strike
0-1: Ball
1-1: Called Strike
1-2: Strikes out swinging
Batting: RHB Roberto Bojórquez 0-0: Ball
1-0: Ball
2-0: Called Strike
2-1: Ball
3-1: Base on Balls
Salvador Salas to second
Batting: RHB Justin Burgess 0-0: Foul Ball, location: 2F
0-1: Ball
1-1: Ball
2-1: Called Strike
2-2: Foul Ball, location: 2F
2-2: Ball
3-2: Foul Ball, location: 2F
3-2: Strikes out swinging
Bottom of the 3rd over - 1 run(s), 2 hit(s), 0 error(s), 2 left on base; Mile High 0 - Santa Monica 4
TOP OF THE 4TH
Mile High Broncos batting - Pitching for Santa Monica Bruins : LHP Yasuyuki Ishii
Batting: RHB Juan Jose Guevana 0-0: Swinging Strike
0-1: Swinging Strike
0-2: Ball
1-2: Strikes out swinging wild pitch, reaches first!
Batting: RHB José Herrera 0-0: Ball
1-0: Called Strike
1-1: Ball
2-1: SINGLE (Groundball, 5D)
Juan Jose Guevana to second
Batting: SHB Tom Stevens 0-0: Ball
1-0: SINGLE (Line Drive, 9S)
Juan Jose Guevana to third
José Herrera to second
Runner from 3rd tries for Home, SAFE, throw made home
José Herrera to third
Tom Stevens to second
Batting: RHB Su-kweon Yu 0-0: Fly out, F9 (Flyball, 9LS)
Batting: RHB Michael MacDonald 0-0: Swinging Strike
0-1: Ground out 6-3 (Groundball, 6)
José Herrera scores
Tom Stevens to third
Batting: RHB Marcos Reyes 0-0: Called Strike
0-1: Foul Ball, location: 2F
0-2: Strikes out swinging
Top of the 4th over - 2 run(s), 2 hit(s), 0 error(s), 1 left on base; Mile High 2 - Santa Monica 4
BOTTOM OF THE 4TH
Santa Monica Bruins batting - Pitching for Mile High Broncos : RHP Bob Smith
Batting: LHB Greg Schultz 0-0: Ball
1-0: DOUBLE (Flyball, 7LD)
Batting: RHB Alonso Sánchez 0-0: Foul Ball, location: 2F
0-1: Foul Ball, location: 2F
0-2: SINGLE (Line Drive, 34)
Greg Schultz to third
Runner from 3rd tries for Home, SAFE, throw made home
Alonso Sánchez to second
Batting: RHB Don Keating 0-0: Foul Ball, location: 2F
0-1: Ball
1-1: Ball
2-1: Foul Ball, location: 2F
2-2: Ball
3-2: Reached on error, E5 (Groundball, 5)
Alonso Sánchez scores
Pitching: RHP Todd Clark
Batting: LHB António Glaviz 0-0: Ball
1-0: Called Strike
1-1: Ground out 4-3 (Groundball, 4M)
Don Keating to third
Batting: LHB Ken Poche 0-0: Ball
1-0: SINGLE (Groundball, 4MD)
Don Keating scores
Batting: RHB Salvador Salas 0-0: Called Strike
0-1: Ball
1-1: Called Strike
1-2: Strikes out looking
Batting: RHB Javier Deleón 0-0: Ball
1-0: Swinging Strike
1-1: Ball
2-1: SINGLE (Line Drive, 9LS)
Ken Poche to second
Runner from 2nd tries for 3rd, SAFE, no throw or cutoff
Batting: RHB Roberto Bojórquez 0-0: Foul Ball, location: 2F
0-1: Ball
1-1: Foul Ball, location: 2F
1-2: Strikes out swinging
Bottom of the 4th over - 3 run(s), 4 hit(s), 1 error(s), 2 left on base; Mile High 2 - Santa Monica 7
TOP OF THE 5TH
Mile High Broncos batting - Pitching for Santa Monica Bruins : LHP Yasuyuki Ishii
Batting: LHB Bill Houston 0-0: Swinging Strike
0-1: Foul Ball, location: 2F
0-2: Strikes out swinging
Batting: RHB Francisco Medina 0-0: Called Strike
0-1: Ball
1-1: Foul Ball, location: 2F
1-2: Foul Ball, location: 2F
1-2: Ball
2-2: SINGLE (Line Drive, 6MD)
Batting: RHB Terry Fuller 0-0: Ball
1-0: Ball
2-0: Called Strike
2-1: Foul Ball, location: 2F
2-2: Foul Ball, location: 2F
2-2: Strikes out looking
Batting: RHB Juan Jose Guevana 0-0: Ball
1-0: SINGLE (Groundball, 6MD)
Francisco Medina to second
Batting: RHB José Herrera 0-0: Ball
1-0: Foul Ball, location: 2F
1-1: Foul Ball, location: 2F
1-2: Foul Ball, location: 2F
1-2: Ball
2-2: Fly out, F8 (Flyball, 8LXD)
Top of the 5th over - 0 run(s), 2 hit(s), 0 error(s), 2 left on base; Mile High 2 - Santa Monica 7
BOTTOM OF THE 5TH
Santa Monica Bruins batting - Pitching for Mile High Broncos : RHP Todd Clark
Batting: RHB Justin Burgess 0-0: Foul Ball, location: 2F
0-1: Ball
1-1: Called Strike
1-2: Strikes out looking
Batting: LHB Greg Schultz 0-0: Foul Ball, location: 2F
0-1: Ball
1-1: Foul Ball, location: 2F
1-2: Ground out 1-3 (Groundball, 13)
Batting: RHB Alonso Sánchez 0-0: Foul Ball, location: 2F
0-1: Foul Ball, location: 2F
0-2: Strikes out swinging
Bottom of the 5th over - 0 run(s), 0 hit(s), 0 error(s), 0 left on base; Mile High 2 - Santa Monica 7
TOP OF THE 6TH
Mile High Broncos batting - Pitching for Santa Monica Bruins : LHP Yasuyuki Ishii
Batting: SHB Tom Stevens 0-0: Called Strike
0-1: SOLO HOME RUN (Flyball, 78XD), Distance : 396 ft
Batting: RHB Su-kweon Yu 0-0: Ball
1-0: Called Strike
1-1: Foul Ball, location: 2F
1-2: Fly out, F8 (Flyball, 8RD)
Batting: RHB Michael MacDonald 0-0: Called Strike
0-1: SINGLE (Groundball, 56D)
Batting: RHB Marcos Reyes 0-0: Called Strike
0-1: Foul Ball, location: 2F
0-2: Ball
1-2: TRIPLE (Flyball, 9LD)
Michael MacDonald scores
Batting: LHB Bill Houston 0-0: Ball
1-0: Foul Ball, location: 2F
1-1: Called Strike
1-2: Strikes out swinging
Batting: RHB Francisco Medina 0-0: Called Strike
0-1: Swinging Strike
0-2: Ball
Wild Pitch!
Marcos Reyes scores
1-2: Strikes out swinging
Top of the 6th over - 3 run(s), 3 hit(s), 0 error(s), 0 left on base; Mile High 5 - Santa Monica 7
BOTTOM OF THE 6TH
Santa Monica Bruins batting - Pitching for Mile High Broncos : RHP Todd Clark
Batting: RHB Don Keating 0-0: Ball
1-0: Ball
2-0: Ball
3-0: Base on Balls
Batting: LHB António Glaviz 0-0: Grounds into double play, 4-6-3 (Groundball, 4)
Batting: LHB Ken Poche 0-0: Ball
1-0: Ball
2-0: Ball
3-0: Base on Balls
Batting: RHB Salvador Salas 0-0: Ball
Ken Poche steals 2nd base
1-0: Ball
2-0: Foul Ball, location: 2F
Single, Error in OF, E9, batter to second base
Ken Poche scores
Batting: RHB Javier Deleón 0-0: Ball
1-0: Swinging Strike
1-1: Foul Ball, location: 2F
1-2: Ground out 6-3 (Groundball, 6M)
Bottom of the 6th over - 1 run(s), 1 hit(s), 1 error(s), 1 left on base; Mile High 5 - Santa Monica 8
TOP OF THE 7TH
Mile High Broncos batting - Pitching for Santa Monica Bruins : LHP Yasuyuki Ishii
Pitching: RHP Carlos Rangel
Batting: RHB Terry Fuller 0-0: Ball
1-0: Foul Ball, location: 2F
1-1: Bunted foul
1-2: Ground out 6-3 (Groundball, 6)
Batting: RHB Juan Jose Guevana 0-0: Called Strike
0-1: Ball
1-1: Ball
2-1: Called Strike
2-2: Ball
3-2: Foul Ball, location: 2F
3-2: Strikes out swinging
Batting: RHB José Herrera 0-0: Called Strike
0-1: Ball
1-1: Foul Ball, location: 2F
1-2: Ball
2-2: Ball
3-2: Strikes out swinging
Top of the 7th over - 0 run(s), 0 hit(s), 0 error(s), 0 left on base; Mile High 5 - Santa Monica 8
BOTTOM OF THE 7TH
Santa Monica Bruins batting - Pitching for Mile High Broncos : RHP Todd Clark
Pitching: LHP Mark Stewart
Batting: RHB Roberto Bojórquez 0-0: Foul Ball, location: 2F
0-1: Ground out 5-3 (Groundball, 56)
Batting: RHB Justin Burgess 0-0: Ball
1-0: Foul Ball, location: 2F
1-1: Called Strike
1-2: Ground out 1-3 (Groundball, 13S)
Batting: LHB Greg Schultz 0-0: Swinging Strike
0-1: Called Strike
0-2: Ball
1-2: Ball
2-2: Foul Ball, location: 2F
2-2: DOUBLE (Flyball, 8RXD)
Batting: RHB Alonso Sánchez 0-0: Called Strike
0-1: Foul Ball, location: 2F
0-2: Foul Ball, location: 2F
0-2: Foul Ball, location: 2F
0-2: Ball
1-2: Ball
2-2: Foul Ball, location: 2F
2-2: Strikes out looking
Bottom of the 7th over - 0 run(s), 1 hit(s), 0 error(s), 1 left on base; Mile High 5 - Santa Monica 8
TOP OF THE 8TH
Mile High Broncos batting - Pitching for Santa Monica Bruins : RHP Carlos Rangel
Batting: SHB Tom Stevens 0-0: Foul Ball, location: 2F
0-1: Swinging Strike
0-2: Ball
1-2: Ball
2-2: Ball
3-2: Foul Ball, location: 2F
3-2: Strikes out swinging
Batting: RHB Su-kweon Yu 0-0: Ball
1-0: Swinging Strike
1-1: Ball
2-1: Foul Ball, location: 2F
2-2: Strikes out swinging
Batting: RHB Michael MacDonald 0-0: Ball
1-0: Called Strike
1-1: Foul Ball, location: 2F
1-2: Strikes out swinging
Top of the 8th over - 0 run(s), 0 hit(s), 0 error(s), 0 left on base; Mile High 5 - Santa Monica 8
BOTTOM OF THE 8TH
Santa Monica Bruins batting - Pitching for Mile High Broncos : LHP Mark Stewart
Batting: RHB Don Keating 0-0: Fly out, F4 (Line Drive, 4)
Batting: LHB António Glaviz 0-0: Ball
1-0: Foul Ball, location: 2F
1-1: Swinging Strike
1-2: Ball
2-2: Foul Ball, location: 2F
2-2: Strikes out swinging
Batting: LHB Ken Poche 0-0: Ball
1-0: Foul Ball, location: 2F
1-1: Called Strike
1-2: Strikes out swinging
Bottom of the 8th over - 0 run(s), 0 hit(s), 0 error(s), 0 left on base; Mile High 5 - Santa Monica 8
TOP OF THE 9TH
Mile High Broncos batting - Pitching for Santa Monica Bruins : RHP Carlos Rangel
Pitching: RHP Manuel López
Batting: RHB Marcos Reyes 0-0: Swinging Strike
0-1: Called Strike
0-2: Ball
1-2: Ground out 4-3 (Groundball, 4)
Batting: LHB Bill Houston 0-0: Foul Ball, location: 2F
0-1: Foul Ball, location: 2F
0-2: Ball
1-2: Strikes out swinging
Batting: RHB Francisco Medina 0-0: Called Strike
0-1: Foul Ball, location: 2F
0-2: Ball
1-2: Ball
2-2: Ball
3-2: Ground out 6-3 (Groundball, 6M)
Top of the 9th over - 0 run(s), 0 hit(s), 0 error(s), 0 left on base; Mile High 5 - Santa Monica 8
This league is powered by Out of the Park Baseball, the baseball management simulation game for PC, Mac and Linux
Saturday, April 9th, 2016 - OOTP Baseball 16.8 Build 38